Map: 凯罗斯中转站-天梯版

Players

RiSky - Winner!

  • Race: Zerg Zerg

Sioras

  • Race: Zerg Zerg

Event: WESG 2018 Grand Finals

VOD

Have the link to the VOD?

Description

Time

  • Played on: March 11, 2019, 1:07 a.m.
  • Length: 8:25

All games in this series

Show
View Real Time Build Order
Export as new Build Order

RiSky Zerg - Winner!

Build Orders: Hatch First 

Get SALT Encoding   

  12  0:00  Drone  
  13  0:12  Overlord  
  13  0:16  Drone  
  14  0:30  Drone x2  
  16  0:47  Hatchery  
  15  0:50  Drone  
  16  1:04  Spawning Pool  
  16  1:08  Drone  
  17  1:11  Drone  
  17  1:14  Drone  
  18  1:20  Drone  
  18  1:25  Extractor  
  18  1:30  Drone  
  19  1:40  Drone  
  20  1:51  Overlord, Queen  
  22  1:58  Queen  
  22  1:59  Zergling x2  
  25  2:03  Zergling x2  
  26  2:10  Drone  
  26  2:12  Drone  
  28  2:22  Drone  
  29  2:23  Drone  
  32  2:33  Drone  
  32  2:35  Drone  
  32  2:42  Hatchery  
  32  2:43  Drone  
  32  2:48  Overlord  
  32  2:57  Baneling Nest, Drone  
  32  2:58  Drone  
  32  3:00  Drone  
  32  3:05  Drone x2  
  35  3:08  Drone  
  35  3:10  Drone  
  37  3:13  Drone  
  37  3:14  Drone  
  37  3:15  Evolution Chamber, Drone  
  37  3:19  Drone  
  40  3:23  Drone  
  40  3:24  Lair  
  41  3:30  Extractor  
  41  3:31  Roach Warren, Drone  
  41  3:33  Drone  
  41  3:36  Overlord  
  41  3:40  Drone  
  41  3:41  Drone  
  43  3:48  Drone, Extractor  
  42  3:53  Queen  
  42  3:54  Overlord  
  45  3:56  Drone  
  45  3:59  Drone  
  45  4:00  Drone  
  45  4:01  Drone  
  49  4:03  Drone  
  49  4:08  Overlord  
  50  4:10  Drone x2  
  52  4:18  Overlord  
  52  4:22  Overseer  
  52  4:24  Glial Reconstitution  
  52  4:26  Roach x3  
  52  4:28  Roach  
  60  4:31  Roach  
  60  4:35  Spine Crawler  
  60  4:36  Roach  
  60  4:38  Roach  
  65  4:39  Roach x2  
  65  4:43  Roach  
  65  4:45  Roach  
  73  4:51  Roach x2  
  75  4:58  Roach x2  
  78  5:01  Roach  
  78  5:03  Roach  
  70  5:07  Roach  
  70  5:11  Roach  
  58  5:19  Roach  
  56  5:25  Roach, Drone x4  
  62  5:32  Drone x3  
  62  5:34  Drone  
  67  5:35  Drone  
  67  5:42  Drone x2  
  69  5:50  Drone x2  
  69  5:57  Drone  
  72  5:58  Zerg Missile Weapons Level 1  
  72  5:59  Drone x3  
  72  6:00  Drone  
  72  6:02  Overlord  
  76  6:06  Roach  
  76  6:09  Roach x2  
  82  6:13  Overlord  
  82  6:16  Overlord  
  82  6:18  Overlord  
  82  6:23  Overlord  
  78  6:26  Roach x2  
  78  6:30  Roach x2  
  82  6:33  Roach  
  82  6:34  Roach  
  82  6:36  Drone x3  
  87  6:41  Roach x2  
  87  6:45  Queen  
  93  6:47  Roach  
  93  6:51  Roach  
  97  6:56  Roach x2  
  97  6:57  Roach  
  97  6:59  Extractor  
  97  7:01  Roach x2  
  106  7:04  Overlord  
  106  7:05  Roach  
  106  7:06  Ravager  
  109  7:10  Roach  
  109  7:11  Roach  
  109  7:13  Overlord  
  113  7:20  Overseer  
  113  7:21  Overlord  
  113  7:27  Overlord  
  113  7:29  Roach x4  
  121  7:32  Roach x2  
  121  7:35  Roach  
  121  7:36  Roach  
  129  7:41  Roach x2  
  123  7:46  Roach x2  
  123  7:48  Roach  
  115  7:51  Roach x2  
  115  7:54  Roach  
  109  7:58  Roach x2  
  109  8:01  Roach  
  109  8:05  Roach x2  
  107  8:07  Drone  
  107  8:08  Drone x3  
  107  8:11  Drone x2  
  113  8:13  Drone  
  116  8:21  Extractor  
  115  8:24  Extractor  
Show
View Real Time Build Order
Export as new Build Order

Sioras Zerg 

Build Orders: Pool First 

Get SALT Encoding   

  12  0:00  Drone  
  13  0:07  Drone  
  14  0:16  Overlord  
  14  0:22  Drone, Extractor  
  15  0:35  Drone x2  
  17  0:43  Spawning Pool  
  17  0:47  Drone  
  17  1:08  Hatchery  
  17  1:11  Drone  
  17  1:14  Extractor  
  17  1:16  Drone  
  17  1:19  Drone  
  18  1:29  Queen  
  18  1:32  Zergling x2  
  21  1:39  Overlord  
  21  1:49  Drone  
  22  1:58  Drone  
  23  2:05  Queen  
  25  2:09  Drone  
  26  2:20  Queen  
  26  2:21  Drone  
  29  2:24  Drone  
  30  2:31  Drone x2  
  32  2:37  Overlord  
  32  2:38  Drone  
  32  2:39  Drone  
  32  2:41  Drone  
  32  2:43  Drone  
  36  2:57  Evolution Chamber  
  35  3:00  Drone x2  
  35  3:03  Drone  
  38  3:08  Drone  
  38  3:09  Roach Warren  
  38  3:12  Metabolic Boost  
  38  3:16  Overlord  
  38  3:17  Overlord  
  38  3:41  Overlord  
  38  3:48  Roach x6  
  38  3:53  Roach  
  52  4:00  Roach x3  
  58  4:07  Zergling x2  
  58  4:08  Zergling x6  
  62  4:12  Zergling x2  
  62  4:13  Zergling x2  
  64  4:20  Hatchery  
  63  4:24  Zergling x4  
  63  4:29  Zergling x2  
  63  4:30  Zergling x2  
  67  4:31  Zergling x2  
  67  4:36  Overlord  
  68  4:43  Overlord  
  68  4:52  Drone  
  68  4:55  Zerg Missile Weapons Level 1, Drone  
  67  5:02  Drone x2  
  67  5:03  Drone  
  67  5:05  Overlord  
  67  5:06  Drone  
  62  5:08  Drone  
  62  5:10  Lair, Extractor  
  62  5:11  Drone x3  
  62  5:12  Extractor  
  58  5:23  Roach  
  58  5:24  Overlord  
  58  5:25  Queen  
  58  5:28  Roach  
  62  5:37  Roach  
  62  5:40  Roach  
  66  5:43  Drone x3, Extractor  
  66  5:44  Drone  
  66  5:45  Roach  
  66  5:46  Roach  
  73  5:52  Roach  
  73  5:53  Roach  
  77  5:58  Roach x2  
  79  6:15  Glial Reconstitution  
  77  6:24  Roach x4  
  75  6:34  Roach x2  
  79  6:46  Roach x3  
  85  6:51  Roach  
  87  6:59  Roach x3  
  93  7:04  Roach x2  
  97  7:09  Overlord x2, Roach x2  
  97  7:11  Roach  
  103  7:19  Roach  
  103  7:21  Overlord  
  103  7:33  Roach x3  
  103  7:34  Roach  
  111  7:38  Roach  
  111  7:44  Roach x2  
  107  7:48  Roach  
  95  7:51  Roach  
  95  7:55  Roach  
  87  8:00  Roach  
  87  8:04  Roach  
Tags
 
Add a new tag
Caveats
  • Supply blocks, unpowered buildings, or Contaminate may cause inaccurate times.
  • Supply counts are checked every 10 seconds.